 Dungeon Crawl Stone Soup version 0.26.1-2-gb8aa6d0cf2 (webtiles) character file.

Game seed: 8987069985915691704

119651 nightchill the Brawler (level 16, -6/147 HPs)
             Began as a Ghoul Gladiator on Mar 20, 2021.
             Was a High Priest of Makhleb.
             Mangled by a snapping turtle (11 damage)
             ... on level 1 of the Shoals on Mar 22, 2021.
             The game lasted 01:38:42 (38732 turns).

nightchill the Brawler (Ghoul Gladiator)           Turns: 38732, Time: 01:38:43

Health: -6/147     AC: 27    Str: 24    XL:     16   Next: 80%
Magic:  25/25      EV:  5    Int:  4    God:    Makhleb [*****.]
Gold:   421        SH: 17    Dex: 13    Spells: 15/15 levels left

rFire    + + .     SeeInvis .     - Unarmed
rCold    + . .     Faith    +   c - +0 tower shield
rNeg     + + +     Spirit   .   j - +2 plate armour {rPois}
rPois    ∞         Reflect  .   y - +1 helmet
rElec    +         Harm     .   C - +2 cloak "Umiuceeps" {rElec}
rCorr    .         Rampage  .   T - +2 pair of gloves {Dex+3}
Will     +....                  N - +0 pair of boots
Stlth    ..........             v - amulet of faith
HPRegen  0.00/turn              f - ring of protection from fire
MPRegen  0.19/turn              s - ring of protection from fire

@: engulfed, mesmerised, very slightly contaminated, invisible, very slow
A: claws 1, cold resistance 1, negative energy resistance 3, inhibited
regeneration, torment resistance, unbreathing
a: Renounce Religion, Minor Destruction, Lesser Servant of Makhleb, Major
Destruction, Greater Servant of Makhleb


You were on level 1 of the Shoals.
You worshipped Makhleb.
Makhleb was extremely pleased with you.
You visited 6 branches of the dungeon, and saw 27 of its levels.
You also visited: Trove, Ossuary and Bailey.

You collected 2906 gold pieces.
You spent 2485 gold pieces at shops.

Inventory:

Missiles
 d - 33 boomerangs
 M - a throwing net
 X - a curare-tipped dart
Armour
 c - a +0 tower shield (worn)
 j - a +2 plate armour of poison resistance (worn)
 p - a +0 kite shield of reflection
 y - a +1 helmet (worn)
 C - the +2 cloak "Umiuceeps" (worn) {rElec}
   (You bought it in a shop on level 2 of the Orcish Mines)

   It insulates you from electricity.
 K - a scarf of shadows
 N - a +0 pair of boots (worn)
 T - a +2 pair of gloves of dexterity (worn)
Jewellery
 b - the ring of Impatience {Wiz +Blink}
   (You found it in a treasure trove)

   [ring of wizardry]

   It improves your spell success rate.
   It lets you blink.
 f - a ring of protection from fire (left hand)
 i - an uncursed ring of see invisible
 l - the amulet of Woatuimyes {Reflect rPois SH+5}
   (You found it in a treasure trove)

   [amulet of reflection]

   It shields you and reflects attacks.
   It protects you from poison.
   It affects your SH (+5).
 s - a ring of protection from fire (right hand)
 u - an uncursed ring of resist corrosion
 v - an amulet of faith (around neck)
 z - an uncursed ring of flight
 F - an uncursed amulet of reflection {unknown}
 H - a cursed amulet of inaccuracy {unknown}
 S - the amulet "Atilaim" {Spirit rC++ Will+, unknown}
   (You found it in a treasure trove)

   [amulet of guardian spirit]

   It causes incoming damage to be split between your health and magic.
   It greatly protects you from cold.
   It affects your willpower, your defense against some magical effects.
Wands
 e - a wand of enslavement (6)
 o - a wand of flame (66)
 r - a wand of random effects (19)
 t - a wand of paralysis (8) (quivered)
 G - a wand of acid (4)
 L - a wand of polymorph (4)
Scrolls
 g - 10 scrolls of remove curse
 w - 7 scrolls of enchant armour
 A - 14 scrolls of teleportation
 D - 5 scrolls of fog
 E - 2 scrolls of fear
 J - a scroll of identify
 Q - 7 scrolls of magic mapping
 W - a scroll of silence
Potions
 h - 4 potions of flight
 k - 4 potions of brilliance
 m - 2 potions of heal wounds
 n - 2 potions of invisibility
 q - 6 potions of curing
 x - 3 potions of haste
 B - 3 potions of magic
 I - 5 potions of might
 P - 4 potions of attraction
 V - a potion of ambrosia
Miscellaneous
 a - a phial of floods
 U - a condenser vane
 Y - a box of beasts


   Skills:
 + Level 14.3 Fighting
 - Level 1.7 Throwing
 + Level 9.6 Armour
 - Level 2.6 Dodging
 * Level 9.2 Shields
 * Level 19.2 Unarmed Combat
 + Level 13.7 Invocations


You had 15 spell levels left.
You didn't know any spells.
Your spell library contained the following spells:

 Spells                   Type           Power        Failure   Level
 Freeze                   Ice            0%           100%        1
 Magic Dart               Conj           0%           100%        1
 Shock                    Conj/Air       0%           100%        1
 Sting                    Tmut/Pois      0%           100%        1
 Blink                    Tloc           N/A          100%        2
 Call Imp                 Summ           0%           100%        2
 Poisonous Vapours        Pois/Air       0%           100%        2
 Slow                     Hex            0%           100%        2
 Swiftness                Air            0%           100%        2
 Conjure Flame            Conj/Fire      0%           100%        3
 Frozen Ramparts          Ice            0%           100%        3
 Ignite Poison            Fire/Tmut/Pois 0%           100%        3
 Mephitic Cloud           Conj/Pois/Air  0%           100%        3
 Ozocubu's Armour         Ice            0%           100%        3
 Static Discharge         Conj/Air       0%           100%        3
 Airstrike                Air            0%           100%        4
 Hailstorm                Conj/Ice       0%           100%        4
 Olgreb's Toxic Radiance  Pois           0%           100%        4
 Summon Ice Beast         Ice/Summ       0%           100%        4
 Lightning Bolt           Conj/Air       0%           100%        5


Dungeon Overview and Level Annotations

Branches:
Dungeon (15/15)            Temple (1/1) D:4            Lair (5/6) D:9
 Shoals (1/4) Lair:3        Snake (3/4) Lair:3          Orc (2/2) D:9
    Elf (0/3) Orc:2        Vaults (0/5) D:13         Depths (0/5) D:15
Ossuary (visited)          Bailey (visited)
  Slime: Lair:5-6

Altars:
Ashenzari
Cheibriados
Dithmenos
Elyvilon
Fedhas
Gozag
Hepliaklqana
Makhleb
Nemelex Xobeh
Okawaru
Qazlal
Ru
Sif Muna
Trog
Uskayaw
Vehumet
Wu Jian
Xom
Yredelemnul
Zin
The Shining One

Shops:
D:5 }   D:10 }   D:12 :   Orc:1 [   Orc:2 :[![*   Snake:1 =}=

Annotations:
D:8 exclusions: downstairs and 1 more exclusion
D:9 exclusion: 2 doors
Lair:3 exclusion: downstairs
Lair:4 !, exclusion: 2 oklob plants


Innate Abilities, Weirdness & Mutations

You thrive by killing the living.
You are immune to poison.
You have sharp fingernails.
Your flesh is cold resistant. (rC+)
You are immune to negative energy. (rN+++)
You do not regenerate when monsters are visible.
You are immune to unholy pain and torment.
You can survive without breathing.


Message History

Your smoke demon barely misses the sea snake.
Your smoke demon misses the sea snake.
The merfolk hits you but does no damage.
The merfolk siren chants its luring song.
The sea snake bites you.
* * * LOW HITPOINT WARNING * * *
The merfolk aquamancer shouts!
You are very lightly contaminated with residual magic.
Your unstable footing causes you to fumble your attack.
The sentinel's mark upon you fades away.
The wind drake exhales a fierce blast of wind!
The monsters around you are blown away!
You violently stop moving!
* * * LOW HITPOINT WARNING * * *
You block the merfolk's attack. The manticore bites you!
* * * LOW HITPOINT WARNING * * *
The manticore claws you but does no damage.
You block the manticore's attack. The water elemental hits you.
* * * LOW HITPOINT WARNING * * *
The snapping turtle bites you from afar!
You die...

≈3≈≈≈≈≈≈≈≈≈≈≈≈≈
≈≈≈≈≈≈≈≈≈≈≈§≈≈≈
≈≈≈≈≈≈≈≈≈≈≈≈≈m≈
≈≈≈≈≈≈≈≈≈≈3≈≈≈≈≈≈
.≈≈≈≈≈≈≈≈≈≈≈≈≈≈≈≈≈
#.≈≈≈≈≈≈≈≈≈≈≈.?≈≈.
#.≈≈≈≈≈≈≈≈≈≈≈.)≈≈.
#≈mH@≈≈≈≈≈≈≈≈≈≈.
#..EkS3≈≈≈≈≈≈.≈P
##.mtt3...≈≈≈...
##.≈E≈...≈....#
#..≈≈m)≈≈≈.#.)# .
####H≈≈≈)≈≈...# ... ##
#..[≈≈≈≈≈≈..#
....##.#######m.<)≈≈≈≈≈..P#
.........##....≈≈≈≈≈≈≈≈≈...


You could see a sea snake, a merfolk aquamancer, 2 snapping turtles, a wind
drake (repels missiles, catching breath), 2 merfolk, 2 manticores, 2 water
elementals, 2 merfolk sirens, 2 friendly smoke demons, a friendly neqoxec
(summoned) and a friendly ynoxinul (summoned).

Vanquished Creatures
  A nagaraja (Snake:3)
  A merfolk impaler (Shoals:1)
  Josephine (D:12)
  A rakshasa (D:14)
  4 hydras
  A naga warrior (Snake:3)
  5 two-headed ogres
  2 boulder beetles
  An ogre mage (D:13)
  8 anacondas
  2 centaur warriors
  2 tengu warriors
  2 death yaks (Lair:4)
  A death knight (D:15)
  3 orc high priests (Orc:2)
  2 naga sharpshooters
  Nergalle (Lair:3)
  5 shock serpents
  9 skeletal warriors (D:15)
  A salamander mystic (Snake:3)
  An unseen horror (D:14)
  3 naga ritualists (Snake:2)
  3 orc knights
  7 mana vipers
  2 cyclopes
  11 ugly things
  A deep elf mage (D:13)
  8 elephants (Lair:4)
  5 salamanders
  5 orc sorcerers
  2 manticores
  7 naga magi
  A merfolk siren (Shoals:1)
  20 black mambas
  A guardian serpent (Snake:3)
  A water nymph (Shoals:1)
  2 gargoyles
  5 centaur skeletons
  7 cane toads
  2 rime drakes
  A yaktaur (D:15)
  2 kobold demonologists
  4 komodo dragons
  A tengu conjurer (D:15)
  4 trolls
  A polar bear (Lair:4)
  3 merfolk (Shoals:1)
  10 slime creatures
  A wind drake (shapeshifter) (D:15)
  4 dream sheep (Lair:5)
  A meliai zombie (D:14)
  6 spriggans (Lair:3)
  2 shadows
  7 wraiths
  7 wyverns
  A wyvern (shapeshifter) (D:15)
  Sigmund (D:3)
  2 basilisks
  A tarantella (shapeshifter) (D:15)
  33 yaks
  A basilisk (shapeshifter) (D:15)
  2 vampire mosquitoes (D:12)
  A steam dragon (D:11)
  Menkaure (D:4)
  3 wargs (D:9)
  21 nagas
  An acid dragon (D:11)
  8 water moccasins
  12 soldier ants
  Duvessa (D:7)
  A black bear (D:11)
  2 ice beasts
  28 orc warriors
  2 sky beasts
  A necrophage (D:6)
  A phantom (D:13)
  2 eyes of draining
  10 ogres
  17 wolves
  7 boggarts
  26 centaurs
  17 bullfrogs
  A gnoll sergeant (D:11)
  4 big kobolds
  Blork the orc (D:4)
  A wyvern zombie (D:13)
  9 scorpions
  4 killer bees (D:11)
  20 wights
  4 electric eels
  7 howler monkeys
  5 bullfrog zombies
  10 centaur zombies
  A quasit (D:15)
  3 jellies
  24 orc priests
  A bullfrog skeleton (D:9)
  6 hounds
  2 iguanas
  23 orc wizards
  28 worker ants
  5 hound zombies (Ossuary)
  14 mummies
  A howler monkey zombie (Ossuary)
  3 worker ant zombies
  Robin (D:3)
  13 gnolls
  2 howler monkey skeletons
  13 adders
  4 white imps
  2 ufetubi
  6 adder zombies
  6 worms
  A dart slug (D:4)
  7 leopard geckos
  91 orcs
  4 ball pythons
  6 bats
  4 giant cockroaches
  9 hobgoblins
  15 jackals
  6 quokkas
  2 ball python zombies
  3 frilled lizards
  16 goblins
  2 goblin zombies (D:4)
  A jackal simulacrum (D:8)
  15 kobolds
  A quokka skeleton (D:9)
  2 quokka zombies (Ossuary)
  5 rats
818 creatures vanquished.

Vanquished Creatures (collateral kills)
  Mara (Snake:3)
  Rupert (D:15)
  Asterion (Snake:2)
  Kirke (D:12)
  Louise (D:14)
  An orc warlord (D:9)
  Fannar (Lair:2)
  4 hydras
  A tengu warrior (D:13)
  2 death yaks (Lair:4)
  A queen ant (Lair:2)
  2 orc knights (Orc:2)
  An orc sorcerer (Orc:2)
  A cyclops (D:13)
  An elephant (Lair:4)
  2 cane toads
  A komodo dragon (D:14)
  3 hornets (Lair:3)
  A troll (D:14)
  6 spriggans (Lair:3)
  2 wyverns (D:9)
  3 hogs (D:12)
  6 soldier ants (Lair:2)
  A warg (D:9)
  A water moccasin (Lair:3)
  A black bear (D:9)
  13 orc warriors
  A sky beast (D:6)
  A wolf (Lair:3)
  4 ogres
  A boggart (Lair:3)
  2 centaurs
  A bullfrog (D:9)
  Dowan (D:7)
  3 electric eels (D:9)
  6 orc priests
  6 orc wizards
  An iguana (D:9)
  8 worker ants
  2 adders
  A shadow imp (D:7)
  3 white imps
  An ufetubus (D:6)
  A leopard gecko (D:9)
  23 orcs
  A goblin (D:9)
  3 hobgoblins (D:9)
  A quokka (D:9)
131 creatures vanquished.

Vanquished Creatures (others)
  A human (D:12)
  A sky beast (D:6)
  An orc wizard (D:9)
  A white imp (D:8)
  An orc (D:13)
  A giant cockroach (D:5)
  9 fungi
  26 plants
  3 withered plants (Ossuary)
44 creatures vanquished.

Grand Total: 993 creatures vanquished

Notes
Turn   | Place    | Note
-------+----------+-------------------------------------------
     0 | D:1      | nightchill the Ghoul Gladiator began the quest for the Orb.
     0 | D:1      | Reached XP level 1. HP: 17/17 MP: 0/0
    79 | D:1      | Reached XP level 2. HP: 13/25 MP: 1/1
   292 | D:1      | Reached skill level 4 in Unarmed Combat
   604 | D:1      | Reached XP level 3. HP: 30/30 MP: 2/2
  1639 | D:2      | Reached XP level 4. HP: 35/38 MP: 3/3
  1738 | D:2      | Reached skill level 5 in Unarmed Combat
  2148 | D:2      | Reached XP level 5. HP: 45/45 MP: 4/4
  2426 | D:3      | Found a bloodstained altar of Trog.
  2538 | D:3      | Noticed Robin
  2573 | D:3      | Killed Robin
  2865 | D:3      | Noticed Sigmund
  2877 | D:3      | Killed Sigmund
  2878 | D:3      | Reached skill level 6 in Unarmed Combat
  2878 | D:3      | Reached XP level 6. HP: 53/53 MP: 5/5
  3111 | D:3      | Found a glowing drain.
  3259 | D:4      | Found a shimmering blue altar of Sif Muna.
  3329 | D:4      | Found a staircase to the Ecumenical Temple.
  3336 | Temple   | Entered the Ecumenical Temple
  3394 | Temple   | Became a worshipper of Makhleb the Destroyer
  3485 | D:4      | Found a sand-covered staircase.
  3494 | Ossuary  | Entered an ossuary
  3551 | Ossuary  | Reached skill level 1 in Invocations
  3605 | Ossuary  | Reached skill level 7 in Unarmed Combat
  3607 | Ossuary  | Reached XP level 7. HP: 54/60 MP: 6/6
  3697 | Ossuary  | Reached skill level 5 in Fighting
  3712 | Ossuary  | Reached * piety under Makhleb
  3921 | Ossuary  | Reached skill level 8 in Unarmed Combat
  4152 | Ossuary  | Reached XP level 8. HP: 69/69 MP: 9/9
  4483 | D:4      | Reached ** piety under Makhleb
  4534 | D:4      | Noticed Menkaure
  4549 | D:4      | Killed Menkaure
  4617 | D:4      | Found a radiant altar of Vehumet.
  4743 | D:4      | Noticed Blork the orc
  4751 | D:4      | Killed Blork the orc
  4764 | D:4      | Reached skill level 9 in Unarmed Combat
  5194 | D:5      | Entered Level 5 of the Dungeon
  5317 | D:5      | Noticed a yak
  5353 | D:5      | Killed a yak
  5354 | D:5      | Reached XP level 9. HP: 46/78 MP: 11/11
  5800 | D:5      | Reached *** piety under Makhleb
  5801 | D:5      | Reached skill level 10 in Unarmed Combat
  5801 | D:5      | Reached skill level 5 in Invocations
  6033 | D:5      | Found Qeotoq's Gadget Shoppe.
  7293 | D:6      | Found a sparkling altar of Nemelex Xobeh.
  8020 | D:7      | Noticed Duvessa
  8027 | D:7      | Noticed Dowan
  8028 | D:7      | Killed Duvessa
  8036 | D:7      | Killed Dowan
  8161 | D:7      | Found a broken altar of Ashenzari.
  8286 | D:7      | Reached **** piety under Makhleb
  8531 | D:7      | Reached skill level 11 in Unarmed Combat
  8912 | D:8      | Reached XP level 10. HP: 88/88 MP: 13/13
 10334 | D:9      | Reached skill level 12 in Unarmed Combat
 10696 | D:9      | Reached ***** piety under Makhleb
 10756 | D:9      | Found a flagged portal.
 10769 | Bailey   | Entered a bailey
 11871 | D:9      | Found a staircase to the Lair.
 12458 | D:9      | Found a staircase to the Orcish Mines.
 12686 | D:9      | Found an ornate altar of the Wu Jian Council.
 12696 | D:9      | Found a bloodstained altar of Trog.
 13104 | D:9      | Noticed a boulder beetle
 13108 | D:9      | Noticed a centaur warrior
 13121 | D:9      | Killed a centaur warrior
 13122 | D:9      | Reached skill level 13 in Unarmed Combat
 13122 | D:9      | Reached XP level 11. HP: 97/97 MP: 16/16
 13236 | D:9      | Found a white marble altar of Elyvilon.
 13330 | D:9      | Found an iron altar of Okawaru.
 13332 | D:9      | Found a blossoming altar of Fedhas.
 13504 | Lair:1   | Entered Level 1 of the Lair of Beasts
 13504 | Lair:1   | Noticed a seven-headed hydra
 13759 | Lair:1   | Killed a seven-headed hydra
 13760 | Lair:1   | Reached skill level 1 in Armour
 14333 | Lair:1   | Reached skill level 10 in Fighting
 14780 | Lair:1   | Reached skill level 14 in Unarmed Combat
 15267 | Lair:2   | Noticed a queen ant
 15303 | Lair:2   | Killed a queen ant
 15307 | Lair:2   | Reached XP level 12. HP: 70/107 MP: 18/18
 15719 | Lair:2   | Noticed an eight-headed hydra
 15727 | Lair:2   | Killed an eight-headed hydra
 15918 | Lair:2   | Noticed a four-headed hydra
 15924 | Lair:2   | Killed a four-headed hydra
 16266 | Lair:3   | Found a staircase to the Shoals.
 16266 | Lair:3   | Noticed Fannar
 16280 | Lair:2   | Killed Fannar
 16496 | Lair:3   | Reached skill level 10 in Invocations
 16693 | Lair:3   | Reached skill level 15 in Unarmed Combat
 17202 | Lair:3   | Noticed a four-headed hydra
 17210 | Lair:3   | Killed a four-headed hydra
 17306 | Lair:3   | Noticed Nergalle
 17334 | Lair:3   | Killed Nergalle
 17335 | Lair:3   | Reached skill level 5 in Armour
 17414 | Lair:3   | Found a staircase to the Snake Pit.
 17480 | Lair:3   | Noticed a six-headed hydra
 17486 | Lair:3   | Killed a six-headed hydra
 17490 | Lair:3   | Noticed a six-headed hydra
 17499 | Lair:3   | Killed a six-headed hydra
 17500 | Lair:3   | Reached XP level 13. HP: 76/116 MP: 18/20
 18922 | Lair:4   | Reached skill level 16 in Unarmed Combat
 21532 | Orc:1    | Entered Level 1 of the Orcish Mines
 21986 | Orc:1    | Noticed an orc warlord
 22048 | D:9      | Killed an orc warlord
 22281 | Orc:1    | Reached XP level 14. HP: 127/127 MP: 21/21
 22605 | Orc:1    | Found Buejaj's Armour Shop.
 22921 | Orc:2    | Entered Level 2 of the Orcish Mines
 22938 | Orc:2    | Found Nyroczu's Book Shoppe.
 23209 | Orc:2    | Found a staircase to the Elven Halls.
 23714 | Orc:2    | Reached skill level 1 in Shields
 23853 | Orc:2    | Reached skill level 17 in Unarmed Combat
 24780 | Orc:2    | Found Jiput's Antique Armour Emporium.
 24794 | Orc:2    | Found Muxagaf's Antique Armour Shop.
 24833 | Orc:2    | Found Miot's Distillery.
 24835 | Orc:2    | Found Bumule's Assorted Antiques.
 25291 | Orc:2    | Bought a potion of heal wounds for 65 gold pieces
 25291 | Orc:2    | Bought a potion of heal wounds for 65 gold pieces
 25291 | Orc:2    | Bought a potion of might for 52 gold pieces
 25293 | Orc:2    | Bought a potion of heal wounds for 175 gold pieces
 25303 | Orc:2    | Bought a fine cloak for 199 gold pieces
 25315 | Orc:2    | Identified the +2 cloak "Umiuceeps" {rElec} (You bought it
                  | in a shop on level 2 of the Orcish Mines)
 25316 | Orc:2    | Bought a smoking helmet for 199 gold pieces
 25326 | Orc:2    | Identified the +0 helmet of Piol {Rampage} (You bought it
                  | in a shop on level 2 of the Orcish Mines)
 25391 | Orc:1    | Bought a scarf of shadows for 180 gold pieces
 25534 | D:10     | Entered Level 10 of the Dungeon
 25684 | D:5      | Bought a condenser vane for 600 gold pieces
 25684 | D:5      | Bought a box of beasts for 600 gold pieces
 25837 | D:10     | Found Vathie's Gadget Emporium.
 27117 | D:12     | Noticed Kirke
 27131 | D:12     | Killed Kirke
 27152 | D:12     | Found a gate leading to a gauntlet.
 27539 | D:12     | Noticed Josephine
 27552 | D:12     | Killed Josephine
 27894 | D:12     | Reached ****** piety under Makhleb
 28096 | D:12     | Found Udirphav's Book Shop.
 28242 | D:13     | Found a glowing golden altar of the Shining One.
 28358 | D:13     | Reached skill level 5 in Shields
 28381 | D:13     | Reached XP level 15. HP: 120/135 MP: 23/23
 29090 | D:13     | Found a gate to the Vaults.
 29547 | D:13     | Found a portal to a secret trove of treasure.
 30119 | Orc:2    | Bought a potion of resistance for 350 gold pieces
 30353 | D:13     | You paid a toll of 3 potions of resistance to enter a
                  | treasure trove
 30354 | Trove    | Entered a treasure trove
 30358 | Trove    | Found the brooch of Shielding {Spirit SH+8}
 30360 | Trove    | Got a scorched ivory ring
 30364 | Trove    | Got a transparent ivory ring
 30368 | Trove    | Got a sparkling bone amulet
 30376 | Trove    | Got a brightly glowing lapis lazuli ring
 30378 | Trove    | Got a scintillating diamond amulet
 30384 | Trove    | Got a serpentine silver amulet
 30394 | Trove    | Got a twitching brass ring
 30403 | D:13     | Lost intelligence.
 30403 | D:13     | Identified the ring "Hothuley" {Str+8 Int-4 Dex+6} (You
                  | found it in a treasure trove)
 30409 | D:13     | Identified the ring "Teotem" {rElec rC++ Str-5 Int+6} (You
                  | found it in a treasure trove)
 30413 | D:13     | Identified the ring of Sinan {rN+ Str+6} (You found it in a
                  | treasure trove)
 30415 | D:13     | Identified the ring of Impatience {Wiz +Blink} (You found
                  | it in a treasure trove)
 30939 | D:14     | Reached skill level 18 in Unarmed Combat
 31083 | D:14     | Noticed Louise
 31094 | D:14     | Killed Louise
 31585 | D:15     | Entered Level 15 of the Dungeon
 32302 | D:15     | Found a staircase to the Depths.
 32682 | D:15     | Noticed Rupert
 32689 | D:15     | Paralysed by Rupert for 7 turns
 32706 | D:15     | Killed Rupert
 33756 | Snake:1  | Entered Level 1 of the Snake Pit
 34364 | Snake:1  | Reached XP level 16. HP: 144/145 MP: 24/24
 34478 | Snake:1  | Found Musch's Jewellery Shop.
 34479 | Snake:1  | Found Agappo's Gadget Shoppe.
 34480 | Snake:1  | Found Evabeciz's Jewellery Shop.
 34840 | Snake:2  | Noticed Asterion
 34849 | Snake:2  | Killed Asterion
 35042 | Snake:2  | Identified the amulet of Woatuimyes {Reflect rPois SH+5}
                  | (You found it in a treasure trove)
 35258 | Snake:2  | Identified the amulet "Piphath" {Spirit Int+9} (You found
                  | it in a treasure trove)
 36367 | Snake:3  | Noticed a nagaraja
 36390 | Snake:3  | Killed a nagaraja
 36609 | Snake:3  | HP: 4/146 [shock serpent/bolt of electricity (4)]
 37025 | Snake:3  | Reached skill level 19 in Unarmed Combat
 37096 | Snake:3  | Noticed Mara
 37111 | Snake:3  | Noticed nightchill's illusion
 37130 | Snake:3  | Killed Mara
 38585 | Shoals:1 | Entered Level 1 of the Shoals
 38732 | Shoals:1 | HP: 5/147 [water elemental (3)]
 38732 | Shoals:1 | Mangled by a snapping turtle

Illustrated notes

Levels and vault maps discovered:
D:1:      psy_arrival_wood_between_worlds, layout_basic,
          hangedman_decor_riveting
D:2:      minmay_spotlight, layout_loops_corners
D:3:      lemuel_upstairs_altar, layout_basic, portal_sewer_entry_a,
          bloody_trog, uniq_robin, uniq_sigmund
D:4:      cheibrodos_pilgrimage, layout_cave_pods,
          nicolae_overflow_crystal_walls, lemuel_blue_sif_altar,
          minmay_temple_entry_purple_smoke, nicolae_ossuary_entry_giza,
          uniq_blork_the_orc, uniq_menkaure
D:5:      layout_layer_cave, serial_shops, nicolae_shop_waterfront,
          serial_glass, glass_columns_b, glass_columns_a, glass_columns_c,
          glass_columns_a, glass_columns_c, glass_columns_a, item_on_display_b,
          minmay_manual_mail
D:6:      layout_basic, nemelex_lonely_heart_becter
D:7:      layout_cave_pools, evilmike_ruin_ashenzari, uniq_duvessa
D:8:      layout_basic, serial_ice, serial_ice_m, serial_ice_l, serial_ice_a,
          serial_ice_d
D:9:      minmay_chambers_of_sixes, layout_long_grid,
          nicolae_overflow_hidden_temple, grunt_temple_overflow_open,
          erik_lair_orcish_takeover, erik_orc_2, enter_bailey_4
D:10:     layout_cross, serial_shops, shop
D:11:     layout_gridville
D:12:     layout_loops_cross, gauntlet_entry_generic, serial_shops,
          kennysheep_little_box, uniq_josephine, uniq_kirke
D:13:     layout_stronghold, hangedman_vaults_entry_quadrant_bands,
          nicolae_trove_entry_crystal, basic_altar
D:14:     layout_cave_pods, serial_glass, glass_columns_a, glass_columns_a,
          glass_columns_a, glass_columns_a, glass_columns_b, glass_columns_a,
          glass_columns_a, glass_columns_a, glass_columns_b, glass_columns_a,
          uniq_louise
D:15:     gammafunk_enter_depths_forms, layout_loops_ring, minivault_23,
          uniq_rupert
Temple:   eino_temple_water
Lair:1:   layout_regular_city, serial_bayou_pond_d,
          chequers_serial_rivers_large_a, lemuel_old_faithful,
          serial_bayou_shore_a
Lair:2:   layout_gridlike, zaba_anthell, grunt_megastairs_4, lemuel_fruit_fields
Lair:3:   kb_forest_paths, layout_gridlike, elwin_shoals_entry_rocks,
          minmay_snake_entry_guardpost_small, uniq_nergalle, uniq_fannar
Lair:4:   layout_regular_city, minmay_lair_oklob_chamber
Lair:5:   layout_hall_layers
Shoals:1: layout_shoals, gammafunk_ghost_split, nicolae_shoals_square_sea_wall
Snake:1:  layout_gridlike, minmay_shop_grove, grunt_megastairs_3
Snake:2:  layout_cave_pods, library_closet, uniq_asterion
Snake:3:  layout_layer_cave, uniq_mara
Orc:1:    minmay_goldmine, layout_diamond_mine, serial_shops, shop
Orc:2:    st_orc_elflike, layout_caves, serial_shops, nicolae_shop_waterfront

Skill      XL: |  1  2  3  4  5  6  7  8  9 10 11 12 13 14 15 16 |
---------------+-------------------------------------------------+-----
Unarmed Combat | 4 5 6 7 8 9 11 13 14 15 16 17 18 19 | 19.2
Fighting       | 3 4 5 6 8 9 10 11 12 13 14 | 14.3
Invocations    | 1 2 4 6 8 9 10 11 12 13 | 13.7
Armour         | 3 5 7 8 9 |  9.6
Shields        | 5 7 9 |  9.2
Throwing       | |  1.7
Dodging        | |  2.6

Action                   |  1- 3 |  4- 6 |  7- 9 | 10-12 | 13-15 | 16-18 || total
-------------------------+-------+-------+-------+-------+-------+-------++-------
Melee: Unarmed           |   108 |   181 |   499 |   699 |  1608 |   462 ||  3557
       Punch             |     1 |     3 |    26 |    40 |    45 |       ||   115
Throw: Throwing net      |       |     1 |     4 |     2 |       |       ||     7
Invok: Minor Destruction |       |       |     1 |    23 |       |       ||    24
       Lesser Servant of |       |       |     6 |    51 |    49 |    13 ||   119
       Major Destruction |       |       |       |       |     1 |       ||     1
       Greater Servant o |       |       |       |       |       |     2 ||     2
 Abil: Evoke Flight      |       |       |       |     3 |       |       ||     3
Evoke: Box of beasts     |       |       |       |       |     1 |       ||     1
       Condenser vane    |       |       |       |       |     1 |       ||     1
  Use: Scroll            |       |       |     8 |       |    26 |     6 ||    40
       Potion            |       |       |       |     1 |     3 |     3 ||     7
 Stab: Held in net/web   |       |       |     3 |       |       |       ||     3
       Distracted        |       |       |       |     1 |     7 |       ||     8
       Confused          |       |       |       |       |     2 |       ||     2
Armor: Scale mail        |    53 |    50 |       |       |       |       ||   103
       Ring mail         |       |    22 |   127 |    64 |       |       ||   213
       Chain mail        |       |       |       |   103 |       |       ||   103
       Steam dragon scal |       |       |       |     3 |       |       ||     3
       Plate armour      |       |       |       |   213 |   878 |   201 ||  1292
Dodge: Dodged            |    57 |    93 |   218 |   275 |   312 |    67 ||  1022
Block: Kite shield       |       |       |       |       |   371 |       ||   371
       Tower shield      |       |       |       |       |   237 |   394 ||   631
